 Dungeon Crawl Stone Soup version 0.30-a0-996-ga6910c8ee8 (webtiles) character file.

Game seed: 13677400448331513694

3238 DeathPants the Covert (level 9, 0/49 HPs)
             Began as a Vine Stalker Delver on Apr 4, 2023.
             Was an Initiate of Gozag.
             Slain by a vampire
             ... wielding a +2 vampiric halberd
              (8 damage)
             ... in a bailey.
             The game lasted 00:27:35 (6061 turns).

DeathPants the Covert (Vine Stalker Delver)         Turns: 6061, Time: 00:27:35

Health: 0/49       AC:  5    Str: 16    XL:     9   Next: 99%
Magic:  0/16       EV: 17    Int: 12    God:    Gozag
Gold:   922        SH:  0    Dex: 17    Spells: 13/17 levels left

rFire   . . .      SeeInvis .    a - +0 long sword
rCold   . . .      Faith    .    (no shield)
rNeg    . . .      Spirit   +    v - +0 leather armour
rPois   .          Reflect  .    (no helmet)
rElec   .          Rampage  .    y - +0 cloak
rCorr   .                        l - +0 pair of gloves
Will    +....                    (no boots)
Stlth   ++++                     (no amulet)
HPRegen 1.08/turn                p - +5 ring of evasion
MPRegen 0.15/turn                (no ring)

@: no status effects
A: fangs 3, regeneration 1, magic shield, antimagic bite, no potion heal 2
a: Renounce Religion, Potion Petition, Call Merchant, Bribe Branch


You were in a bailey.
You worshipped Gozag.
Gozag was pleased with you.
You visited 2 branches of the dungeon, and saw 9 of its levels.
You also visited: Bailey.

You collected 1043 gold pieces.
You paid 121 gold pieces to Gozag.

Inventory:

Hand Weapons
 a - a +0 long sword (weapon)
 b - a +3 dagger
 r - a +0 rapier
 u - a +1 dagger of venom
Missiles
 d - 2 boomerangs
 x - 19 poisoned darts
Armour
 l - a +0 pair of gloves (worn)
 q - a +0 scale mail
 v - a +0 leather armour (worn)
 y - a +0 cloak (worn)
Jewellery
 e - a ring of wizardry
 p - a +5 ring of evasion (left hand)
Wands
 g - a wand of digging (3)
 k - a wand of flame (11) (quivered)
 C - a wand of light (5)
Scrolls
 c - 4 scrolls of fog
 i - 5 scrolls of identify
 j - 3 scrolls of teleportation
 n - a scroll of magic mapping
 w - 2 scrolls of vulnerability
 z - a scroll of blinking
 B - a scroll of brand weapon
Potions
 f - 5 potions of haste
 h - 3 potions of mutation
 m - a potion of might
 o - 3 potions of curing
 s - 5 potions of attraction
 t - a potion of magic
 A - 2 potions of resistance
 D - a potion of cancellation {unknown}


   Skills:
 + Level 6.5 Fighting
 * Level 8.4 Long Blades
 - Level 2.5 Dodging
 - Level 8.4 Stealth
 + Level 4.5 Spellcasting
 + Level 3.7 Necromancy


You had 13 spell levels left.
You knew the following spells:

 Your Spells              Type           Power      Damage    Failure   Level
a - Dispel Undead         Necr           11%        3d9       47%         4

Your spell library contained the following spells:

 Spells                   Type           Power      Damage    Failure   Level
 Kiss of Death            Conj/Necr      28%        2d7       12%         1
 Freeze                   Ice            8%         1d3       26%         1
 Magic Dart               Conj           8%         1d3       26%         1
 Sandblast                Erth           4%         2d4       26%         1
 Shock                    Conj/Air       8%         1d3       26%         1
 Blink                    Tloc           4%         N/A       36%         2
 Call Imp                 Summ           2%         N/A       36%         2
 Lesser Beckoning         Tloc           4%         N/A       36%         2
 Momentum Strike          Conj/Tloc      4%         3d8       36%         2
 Passwall                 Tmut/Erth      1%         N/A       36%         2
 Scorch                   Fire           4%         2d5       36%         2
 Confusing Touch          Hex            2%         N/A       61%         3
 Frozen Ramparts          Ice            4%         1d1       61%         3
 Hailstorm                Conj/Ice       2%         3d3       61%         3
 Mephitic Cloud           Conj/Pois/Air  2%         N/A       61%         3
 Stone Arrow              Conj/Erth      4%         3d7       61%         3
 Swiftness                Air            2%         N/A       61%         3
 Airstrike                Air            1%         2d(1-17)  95%         4
 Flame Wave               Conj/Fire      2%         2d4       95%         4
 Summon Cactus Giant      Summ           1%         N/A       100%        6


Dungeon Overview and Level Annotations

Branches:
Dungeon (8/15)             Temple (1/1) D:5          Bailey (1/1)
   Lair: D:8-11

Altars:
Ashenzari
Cheibriados
Dithmenos
Elyvilon
Gozag
Hepliaklqana
Kikubaaqudgha
Nemelex Xobeh
Ru
Trog
Uskayaw
Vehumet
Wu Jian
Yredelemnul
Zin
The Shining One

Shops:
D:6 *

Annotations:
D:3 1 runed translucent door, Maxmaps's ghost, amateur DsTm


Innate Abilities, Weirdness & Mutations

You have razor-sharp teeth.
Your natural rate of healing is unusually fast.
When hurt, damage is shared between your health and your magic reserves.
Your bite disrupts and absorbs the magic of your enemies.
Potions cannot restore your health.


Message History

You start waiting.
You start waiting.
Done waiting.
You see here a +0 mace.
You open the large door.
Found an iridescent hand axe.
There is a large open door here.
A vampire comes into view. It is wielding a +2 vampiric halberd.
Found a potion of mutation and the +6 lightning scales {swift, rElec}.
Found a pair of embroidered boots.
Found a potion of magic and a slimy staff.
The vampire completely misses you. The vampire bites you.
The vampire draws strength from your injuries!
You hit the vampire. Your bite misses the vampire.
The vampire is lightly damaged.
The vampire hits you with a +2 vampiric halberd.
The vampire draws strength from your wounds!
The vampire bites you.
The vampire draws strength from your injuries!
You closely miss the vampire. Your bite misses the vampire.
The vampire hits you with a +2 vampiric halberd!
The vampire barely misses you.
You hit the vampire but do no damage. You bite the vampire, but do no damage.
The vampire hits you with a +2 vampiric halberd!
The vampire bites you but does no damage.
You hit the vampire but do no damage. You bite the vampire.
The vampire's magic leaks into the air.
You drain its magic.
You feel invigorated.
The vampire is lightly damaged.
The vampire hits you with a +2 vampiric halberd!
* * * LOW HITPOINT WARNING * * *
The vampire draws strength from your wounds!
The vampire bites you.
* * * LOW HITPOINT WARNING * * *
The vampire draws strength from your injuries!
You hit the vampire.
The vampire is lightly damaged.
The vampire closely misses you. The vampire bites you!
You die...
Your body crumbles into a pile of gold.

#####
##8...######
##|.....##.8#
#8! #...#..# ##
#[. #..'..# ..
#[.####..'..#
..
#.!.##...#..#
.. #V@....##..#
♣ ##8...##...#
..♣
######....##
.... #8......##
....
#...##...##..♣.
#..##....#.....
#..#....##....♣
#..#..)##$.....
#.)#......#####


You could see a vampire (magic disrupted).

Vanquished Creatures
  A gargoyle (Bailey)
  An orc warrior (D:5)
  An ice beast (D:5)
  2 sky beasts
  A black bear (D:5)
  An ogre (D:5)
  4 centaurs
  2 kobold brigands
  4 phantoms
  A bullfrog (D:6)
  A gnoll sergeant (D:6)
  A scorpion (D:6)
  4 wights
  2 howler monkeys
  6 wolf zombies (Bailey)
  6 vampire bats (Bailey)
  2 jellies
  2 hounds (D:6)
  2 iguanas (D:5)
  2 sleepcaps
  Terence (D:3)
  4 orc wizards
  11 gnolls
  6 adders
  A shadow imp (D:5)
  A white imp (D:5)
  An ufetubus (D:5)
  A worm (D:4)
  3 dart slugs
  10 orcs
  5 ball pythons
  3 bats
  5 endoplasms
  3 giant cockroaches
  11 goblins
  11 hobgoblins
  3 jackals (D:5)
  5 quokkas
  2 frilled lizards
  15 kobolds
  20 orc zombies (Bailey)
  2 rats
170 creatures vanquished.

Notes
Turn   | Place    | Note
-------+----------+-------------------------------------------
     0 | D:5      | DeathPants the Vine Stalker Delver began the quest for the
                  | Orb.
     0 | D:5      | Reached XP level 1. HP: 11/11 MP: 2/2
     1 | D:6      | Noticed a hound
   268 | D:4      | Noticed a sleepcap
   277 | D:4      | Killed a sleepcap
   278 | D:4      | Reached XP level 2. HP: 8/16 MP: 1/3
   278 | D:4      | Reached XP level 3. HP: 10/20 MP: 1/4
   518 | D:3      | Noticed Terence
   526 | D:3      | HP: 1/20 [Terence/+2 flail of protection (7)]
   617 | D:3      | Killed Terence
   618 | D:3      | Gained mutation: Your natural rate of healing is unusually
                  | fast. [Vine Stalker growth]
   618 | D:3      | Reached XP level 4. HP: 2/24 MP: 0/5
  1450 | D:2      | Found the +0 staff of Battle
  1815 | D:3      | Found a hide-covered altar of Uskayaw.
  1991 | D:3      | Found a runed translucent door.
  1994 | D:3      | Noticed Maxmaps's ghost (amateur DsTm)
  2088 | D:3      | Found a bloodstained altar of Trog.
  2439 | D:4      | Reached XP level 5. HP: 28/28 MP: 4/6
  2653 | D:4      | Reached XP level 6. HP: 33/33 MP: 7/7
  3063 | D:5      | Found a staircase to the Ecumenical Temple.
  3073 | Temple   | Entered the Ecumenical Temple
  3100 | Temple   | Became a worshipper of Gozag Ym Sagoz the Greedy
  3342 | D:5      | Noticed a black bear
  3351 | D:5      | Killed a black bear
  3479 | D:6      | Reached XP level 7. HP: 36/37 MP: 6/8
  3575 | D:5      | Reached skill level 5 in Long Blades
  3741 | D:6      | Gained mutation: You have razor-sharp teeth. [Vine Stalker
                  | growth]
  3741 | D:6      | Reached XP level 8. HP: 41/42 MP: 9/9
  3950 | D:5      | Reached skill level 5 in Fighting
  3950 | D:5      | Reached skill level 1 in Spellcasting
  4078 | D:5      | Learned a level 4 spell: Dispel Undead
  4450 | D:6      | Reached skill level 1 in Necromancy
  4583 | D:6      | Reached XP level 9. HP: 36/47 MP: 12/14
  5052 | D:6      | Found Bargh's Assorted Antiques.
  5357 | D:7      | Found a flagged portal.
  5385 | Bailey   | Entered a bailey
  5816 | Bailey   | Identified the staff of air "Hypoidi" {rElec rC+ MP+9
                  | Int+2}
  5851 | Bailey   | Noticed a gargoyle
  5863 | Bailey   | Killed a gargoyle
  6053 | Bailey   | Found the +6 lightning scales {swift, rElec}
  6061 | Bailey   | Slain by a vampire

Illustrated notes

Levels and vault maps discovered:
D:1:      minmay_arrival_radiant_lines, layout_basic
D:2:      layout_rooms
D:3:      layout_loops_cross, lemuel_round_altar, mainiacjoe_overflow_alcove_1,
          ebering_ghost_sewer_d, uniq_terence
D:4:      layout_basic
D:5:      cheibrodos_barr_body, layout_gridville,
          minmay_temple_entry_drinking_statues
D:6:      layout_cave_pools, serial_shops, nicolae_lakefront_shop,
          chequers_serial_rivers_micro_b, grunt_ministairs_7
D:7:      layout_rooms, enter_bailey_4, due_unseen_surprise
D:8:      layout_gridville, xom_redecorated, minmay_holes,
          nicolae_shop_clearance
Temple:   compressed_dpeg_triangle_lava_temple
Bailey:   bailey_polearm_vampire_castle_hellmonk, bailey

Skill      XL: |  1  2  3  4  5  6  7  8  9 |
---------------+----------------------------+-----
Fighting       | 3 4 5 6 |  6.5
Long Blades    | 2 3 4 5 7 8 |  8.4
Dodging        | 2 |  2.5
Stealth        | 7 8 |  8.4
Spellcasting   | 2 4 |  4.5
Necromancy     | 1 3 |  3.7

Action                     |  1- 3 |  4- 6 |  7- 9 || total
---------------------------+-------+-------+-------++-------
  Melee: Falchion          |    31 |   122 |    85 ||   238
         Bite              |    13 |    34 |   148 ||   195
         Punch             |     1 |     2 |     9 ||    12
         Long sword        |       |       |   364 ||   364
         Dagger            |       |       |     6 ||     6
  Throw: Dart              |       |     1 |       ||     1
  Evoke: Wand              |     7 |     8 |     5 ||    20
    Use: Scroll            |     2 |    14 |     2 ||    18
         Potion            |     1 |     1 |     1 ||     3
   Stab: Sleeping          |     5 |    15 |     9 ||    29
         Distracted        |       |       |     1 ||     1
 Armour: Leather armour    |     4 |    11 |   106 ||   121
         Scale mail        |       |       |    26 ||    26
  Dodge: Dodged            |    16 |    96 |   586 ||   698

Table legend: (Time is in decaauts)
 A = Elapsed time spent in this place.
 B = Non-inter-level travel time spent in this place.
 C = Inter-level travel time spent in this place.
 D = Time resting spent in this place.
 E = Time spent auto-exploring this place.
 F = Levels seen in this place.
 G = Mean time per level.
                   A        B        C        D        E       F      G
               +--------+--------+--------+--------+--------+-----+--------+
         Total |   6075 |   5882 |    193 |    405 |   3113 |  10 |  607.5 |
       Dungeon |   5361 |   5177 |    184 |    169 |   3098 |   8 |  670.1 |
        Temple |     37 |     28 |      9 |      0 |     15 |   1 |   37.0 |
        Bailey |    676 |    676 |      0 |    236 |      0 |   1 |  676.0 |
               +--------+--------+--------+--------+--------+-----+--------+

Top non-repeatable levels by time:
     D:5: 1321 daAuts
     D:4: 1005 daAuts
     D:3: 914 daAuts
     D:6: 913 daAuts
  Bailey: 676 daAuts
     D:1: 570 daAuts
     D:2: 425 daAuts
     D:7: 207 daAuts
  Temple: 37 daAuts
     D:8: 1 daAuts
